Map: Lost and Found LE

Players

ShoWTimE - Winner!

  • Race: Protoss Protoss
  • Spawn Location: 1:00

SKillous (Elroye)

  • Race: Zerg Zerg
  • Spawn Location: 7:00

Event: WCS Valencia 2018

VOD

Have the link to the VOD?

Description

Time

  • Played on: July 12, 2018, 7:37 a.m.
  • Length: 14:06

All games in this series

Show
View Real Time Build Order
Export as new Build Order

ShoWTimE Protoss - Winner!

Build Orders: 1 Gate Expand, Oracle Opening, Phoenix Opening, Chargelot Immortal, Mass Phoenix 

Get SALT Encoding   

  12  0:00  Probe  
  13  0:12  Probe  
  14  0:18  Pylon  
  14  0:24  Probe  
  15  0:33  Probe  
  15  0:38  Gateway  
  15  0:41  Probe  
  16  0:46  Assimilator  
  17  0:51  Probe  
  18  1:03  Probe  
  19  1:15  Probe  
  20  1:25  Nexus  
  20  1:34  Cybernetics Core  
  20  1:36  Probe  
  21  1:43  Assimilator  
  21  1:49  Probe  
  21  1:52  Pylon  
  22  2:01  Probe  
  23  2:02  Adept  
  23  2:13  Probe  
  26  2:15  Stargate  
  26  2:22  Warp Gate  
  26  2:25  Probe  
  26  2:28  Adept  
  29  2:33  Probe  
  30  2:37  Probe  
  30  2:41  Probe  
  31  2:49  Probe  
  31  2:50  Oracle  
  33  2:51  Probe  
  33  2:55  Adept  
  36  3:01  Probe  
  36  3:03  Probe  
  41  3:07  Pylon  
  41  3:13  Probe  
  41  3:15  Probe  
  41  3:18  Phoenix  
  41  3:19  Gateway  
  43  3:26  Probe  
  46  3:28  Probe  
  47  3:34  Assimilator  
  47  3:36  Assimilator  
  47  3:38  Probe  
  47  3:40  Probe  
  49  3:49  Pylon, Phoenix  
  49  3:50  Probe  
  49  3:52  Probe  
  53  4:02  Probe  
  54  4:06  Phoenix  
  54  4:07  Probe  
  54  4:09  Stargate  
  55  4:13  Pylon  
  55  4:14  Probe  
  58  4:19  Probe  
  58  4:22  Pylon  
  59  4:26  Probe  
  59  4:28  Zealot, Phoenix  
  64  4:41  Pylon  
  64  4:44  Phoenix  
  64  4:52  Phoenix  
  64  4:57  Nexus  
  68  5:00  Shield Battery  
  68  5:03  Pylon  
  68  5:04  Probe x2  
  70  5:07  Phoenix  
  70  5:09  Shield Battery  
  70  5:11  Phoenix  
  72  5:20  Probe  
  75  5:22  Probe  
  75  5:27  Phoenix  
  76  5:32  Probe, Phoenix  
  76  5:34  Probe  
  82  5:44  Probe  
  82  5:46  Probe  
  84  5:51  Robotics Facility  
  84  5:54  Robotics Facility  
  84  5:56  Probe  
  85  5:58  Probe  
  86  6:08  Probe  
  86  6:09  Probe  
  86  6:10  Probe  
  89  6:12  Pylon  
  89  6:14  Forge  
  89  6:16  Twilight Council  
  89  6:17  Sentry x2  
  93  6:20  Probe  
  93  6:22  Probe x2  
  96  6:29  Immortal  
  96  6:32  Immortal  
  96  6:33  Probe  
  96  6:34  Probe  
  96  6:35  Gateway  
  96  6:37  Gateway  
  102  6:41  Pylon  
  102  6:44  Sentry  
  102  6:46  Probe x3  
  111  6:49  Protoss Ground Weapons Level 1, Charge  
  111  6:56  Shield Battery  
  111  6:59  Shield Battery  
  111  7:05  Assimilator  
  111  7:08  Immortal  
  111  7:09  Immortal, Assimilator  
  119  7:15  Probe  
  120  7:31  Pylon  
  120  7:34  Gateway  
  120  7:36  Immortal  
  120  7:38  Gateway  
  120  7:41  Photon Cannon  
  120  7:42  Immortal  
  120  7:43  Photon Cannon  
  120  7:45  Shield Battery  
  120  7:50  Templar Archives  
  128  8:02  Gateway x2  
  128  8:05  Pylon  
  128  8:07  Immortal, Pylon  
  128  8:10  Psionic Storm  
  128  8:14  Pylon  
  128  8:16  Nexus  
  128  8:18  Pylon  
  132  8:21  Observer, Pylon  
  133  8:34  Shield Battery  
  133  8:35  Shield Battery, High Templar x2  
  133  8:38  Shield Battery x2  
  133  8:40  Pylon  
  137  8:42  High Templar  
  137  8:44  Photon Cannon  
  137  8:46  Photon Cannon  
  137  8:47  Observer  
  140  8:48  Immortal  
  140  8:53  Assimilator  
  140  8:54  Probe  
  145  8:57  Assimilator  
  145  9:01  Pylon  
  145  9:06  Zealot x2  
  145  9:08  Immortal  
  153  9:13  Zealot x3  
  159  9:22  High Templar x2  
  163  9:28  Immortal  
  163  9:29  Zealot x3  
  167  9:38  Zealot x3  
  156  9:45  Probe  
  156  9:46  Probe x2  
  156  9:49  Zealot  
  156  9:52  High Templar x2  
  160  10:03  Zealot x4, Protoss Ground Weapons Level 2  
  164  10:07  Immortal x2  
  164  10:13  Zealot x2  
  154  10:14  Probe  
  163  10:24  Pylon  
  163  10:28  High Templar x2  
  167  10:29  Photon Cannon  
  167  10:32  Archon  
  167  10:41  Shield Battery  
  167  10:44  Fleet Beacon, Pylon  
  167  10:46  Immortal  
  167  10:47  Zealot x2  
  175  10:56  Immortal  
  175  11:07  Mothership, Zealot x7  
  187  11:14  Carrier x2  
  187  11:15  Probe x2  
  187  11:16  Probe  
  166  11:28  Protoss Air Weapons Level 1  
  182  11:43  Pylon  
  182  11:46  Probe  
  182  11:47  Probe x2  
  185  11:57  High Templar x2  
  185  11:59  Probe  
  185  12:00  Photon Cannon  
  189  12:03  Archon  
  189  12:04  Photon Cannon  
  189  12:05  Graviton Catapult  
  189  12:09  Pylon  
  189  12:12  High Templar x2  
  193  12:17  Archon  
  193  12:25  Nexus  
  193  12:27  Zealot x3  
  193  12:29  Pylon  
  199  12:41  Zealot x2  
  195  12:54  Zealot x4  
  195  12:55  Zealot  
  197  12:59  Probe  
  197  13:00  Probe x2  
  196  13:07  Photon Cannon  
  196  13:09  Photon Cannon  
  194  13:13  Photon Cannon  
  194  13:16  Shield Battery  
  194  13:17  High Templar x2  
  198  13:22  Archon  
  198  13:23  Shield Battery  
  198  13:27  Assimilator  
  198  13:32  Assimilator  
Show
View Real Time Build Order
Export as new Build Order

SKillous Zerg 

Build Orders: Hatch First 

Get SALT Encoding   

  12  0:00  Drone  
  13  0:12  Overlord  
  13  0:17  Drone  
  14  0:30  Drone x2  
  14  0:34  Drone  
  17  0:50  Hatchery  
  17  0:53  Drone  
  17  0:57  Drone  
  18  1:07  Extractor  
  17  1:12  Spawning Pool  
  17  1:14  Drone  
  17  1:19  Drone  
  18  1:28  Drone  
  19  1:42  Overlord  
  19  1:52  Drone  
  20  2:01  Drone  
  20  2:04  Queen  
  20  2:05  Queen  
  20  2:06  Drone  
  26  2:08  Metabolic Boost  
  26  2:14  Drone  
  27  2:16  Zergling x2  
  28  2:28  Hatchery  
  27  2:31  Drone  
  27  2:32  Drone  
  27  2:35  Drone  
  30  2:43  Queen  
  32  2:47  Overlord  
  32  2:51  Zergling x2  
  32  2:55  Zergling x2  
  33  2:59  Drone x2  
  35  3:06  Drone  
  36  3:14  Drone x2  
  36  3:15  Drone x2  
  36  3:18  Overlord  
  40  3:20  Drone  
  40  3:23  Spore Crawler  
  40  3:28  Queen  
  40  3:29  Overlord  
  40  3:30  Drone  
  43  3:39  Queen  
  43  3:40  Spore Crawler  
  44  3:44  Drone  
  44  3:45  Drone x3  
  44  3:47  Drone  
  49  3:54  Overlord  
  49  3:55  Drone x3  
  52  4:00  Lair  
  52  4:03  Drone  
  52  4:05  Extractor  
  51  4:10  Drone x2  
  51  4:12  Drone x3  
  51  4:13  Drone  
  51  4:16  Extractor  
  56  4:23  Overlord  
  56  4:24  Drone  
  56  4:25  Drone x4  
  60  4:41  Drone  
  61  4:52  Drone x9  
  70  4:53  Drone  
  70  4:59  Hydralisk Den  
  70  5:05  Baneling Nest, Drone x3  
  70  5:06  Drone  
  73  5:13  Overlord x2, Evolution Chamber  
  72  5:30  Grooved Spines  
  72  5:31  Overlord x2  
  72  5:34  Spore Crawler  
  72  5:35  Extractor, Spore Crawler  
  70  5:36  Extractor, Spore Crawler  
  70  5:39  Extractor  
  70  5:40  Hydralisk x7  
  80  5:48  Hydralisk  
  82  5:52  Drone x2  
  82  5:53  Drone  
  85  5:59  Drone x5  
  85  6:03  Drone  
  85  6:04  Drone x2  
  91  6:12  Hydralisk  
  93  6:25  Zerg Melee Weapons Level 1  
  93  6:26  Centrifical Hooks  
  93  6:28  Drone  
  93  6:29  Drone  
  93  6:32  Hydralisk  
  93  6:33  Hydralisk  
  93  6:36  Overlord  
  93  6:37  Zergling x10  
  93  6:38  Zergling x4  
  104  6:49  Hatchery  
  104  6:52  Drone x4  
  102  6:59  Drone x2  
  104  7:13  Drone x2  
  104  7:14  Drone  
  107  7:16  Muscular Augments, Hydralisk x3  
  107  7:18  Overlord  
  107  7:19  Overlord x5  
  113  7:37  Overlord  
  113  7:38  Hydralisk x9  
  113  7:42  Baneling x5  
  130  7:46  Pneumatized Carapace  
  130  7:48  Hydralisk x2, Zergling x2  
  135  7:55  Drone x2  
  135  7:57  Drone  
  138  8:00  Queen  
  138  8:01  Drone  
  138  8:02  Drone x3  
  138  8:03  Drone x3  
  147  8:10  Zergling x6  
  150  8:14  Baneling x4  
  150  8:15  Baneling x6  
  150  8:17  Zergling x10  
  150  8:19  Zerg Melee Weapons Level 2  
  155  8:24  Spine Crawler  
  149  8:29  Drone x2  
  149  8:30  Drone x2  
  151  8:38  Zergling x12  
  157  8:42  Overseer  
  157  8:46  Baneling x4  
  157  8:47  Zergling x2  
  157  8:48  Zergling x10  
  163  8:50  Hydralisk x3  
  163  8:53  Zergling x4  
  171  9:05  Zergling x2  
  171  9:06  Zergling x8  
  171  9:07  Overlord  
  171  9:31  Zergling x30  
  169  9:32  Zergling x2  
  179  9:44  Zergling x2  
  179  9:45  Zergling x12  
  174  9:48  Baneling  
  174  9:49  Baneling x6  
  174  9:50  Baneling x4  
  174  9:59  Hydralisk x2  
  163  10:00  Hydralisk x3  
  157  10:14  Hydralisk x6  
  151  10:24  Infestation Pit  
  151  10:25  Extractor  
  151  10:26  Hydralisk x5  
  159  10:34  Hydralisk  
  159  10:35  Hydralisk x2  
  165  10:37  Baneling x9  
  165  10:38  Zergling x2  
  165  10:40  Baneling x7  
  165  10:42  Zerg Missile Weapons Level 1  
  166  10:43  Zergling x2  
  166  10:46  Zergling x4  
  166  10:47  Overlord, Hatchery  
  168  10:52  Overlord  
  157  10:59  Zergling x2  
  157  11:00  Zergling x12  
  148  11:23  Hydralisk x6  
  148  11:24  Zergling x22  
  152  11:30  Hydralisk x2  
  141  11:35  Baneling x15  
  141  11:39  Zergling x12  
  147  11:46  Hive  
  147  11:55  Zergling x2  
  147  11:56  Zergling x24  
  147  12:01  Hydralisk  
  157  12:08  Drone x3  
  157  12:11  Hydralisk  
  161  12:22  Hydralisk x3  
  163  12:23  Zergling x22  
  163  12:28  Overseer  
  164  12:45  Hydralisk x13  
  164  12:46  Zergling x4  
  168  12:57  Hydralisk x5  
  168  12:58  Hydralisk  
  155  13:04  Hydralisk x2  
  135  13:14  Queen  
  135  13:15  Hydralisk, Zergling x2, Swarm Host x3  
  135  13:19  Hydralisk x3  
  153  13:24  Hydralisk x2, Baneling x5  
  157  13:28  Hydralisk x2  
  157  13:31  Zergling x4  
  157  13:34  Baneling x5  
  163  13:37  Zergling x4  
  163  13:38  Zergling x2  
  166  13:41  Overlord  
Tags
 
Add a new tag
Caveats
  • Supply blocks, unpowered buildings, or Contaminate may cause inaccurate times.
  • Supply counts are checked every 10 seconds.